 Dungeon Crawl Stone Soup version 0.28.0-47-ge53b351184 (webtiles) character file.

Game seed: 729571839788548890

83 GigaChad the Covered (level 4, -2/40 HPs)
             Began as a Minotaur Fighter on May 4, 2022.
             Was a Believer of Lugonu.
             Slain by Natasha (4 damage)
             ... on level 2 of the Dungeon.
             The game lasted 00:04:08 (1493 turns).

GigaChad the Covered (Minotaur Fighter)             Turns: 1493, Time: 00:04:08

Health: -2/40      AC:  9    Str: 20    XL:     4   Next: 22%
Magic:  3/3        EV:  7    Int:  5    God:    Lugonu [**....]
Gold:   59         SH:  5    Dex: 12    Spells: 3/3 levels left

rFire   . . .      SeeInvis .   a - +0 long sword (elec)
rCold   . . .      Faith    .   c - +0 buckler
rNeg    . . .      Spirit   .   g - +0 chain mail
rPois   .          Reflect  .   (helmet restricted)
rElec   .          Harm     .   (no cloak)
rCorr   .          Rampage  .   (no gloves)
Will    .....                   (no boots)
Stlth   ..........              (no amulet)
HPRegen 0.13/turn               (no ring)
MPRegen 0.08/turn               (no ring)

@: no status effects
A: horns 2, retaliatory headbutt
a: Renounce Religion, Depart the Abyss, Bend Space


You were on level 2 of the Dungeon.
You worshipped Lugonu.
Lugonu was pleased with you.
You visited 1 branch of the dungeon, and saw 2 of its levels.

You collected 59 gold pieces.

Inventory:

Hand Weapons
 a - a +0 long sword of electrocution (weapon)
 i - a +1 short sword of draining
Armour
 b - a +0 scale mail
 c - a +0 buckler (worn)
 g - a +0 chain mail (worn)
Jewellery
 e - a ring of flight
Potions
 d - a potion of might
 f - a potion of heal wounds {unknown}
 h - a potion of brilliance {unknown}


   Skills:
 + Level 4.3 Fighting
 + Level 3.1 Long Blades
 + Level 4.6 Armour
 + Level 0.2 Dodging
 + Level 4.3 Shields


You had 3 spell levels left.
You didn't know any spells.
Your spell library was empty.

Dungeon Overview and Level Annotations

Branches:
Dungeon (2/15)

Altars:
Lugonu

Annotations:
D:2 Natasha


Innate Abilities, Weirdness & Mutations

You have a pair of horns on your head.
You reflexively headbutt those who attack you in melee.


Message History

You feel agile.
You start resting.
You feel yourself speed up.
You start resting.
Natasha, Servant of Life and Death comes into view.
Natasha is nearby!
Natasha is nearby!
Natasha is nearby!
Natasha is nearby!
Natasha is nearby!
Natasha is nearby!
Natasha is nearby!
Natasha is nearby!
Natasha is nearby!
Natasha is nearby!
Natasha is nearby!
Natasha is nearby!
Natasha is nearby!
Natasha is nearby!
Natasha hisses angrily.
A goblin comes into view. It is wielding a +0 club.
The goblin shouts!
Natasha casts a spell.
Natasha claws you.
* * * LOW HITPOINT WARNING * * *
The crimson imp barely misses you. You furiously retaliate!
You headbutt the crimson imp, but do no damage.
You miss the crimson imp. Your headbutt misses the crimson imp.
You block Natasha's attack. The crimson imp hits you.
* * * LOW HITPOINT WARNING * * *
You barely miss the crimson imp. You headbutt the crimson imp.
The crimson imp is moderately wounded.
Natasha claws you.
* * * LOW HITPOINT WARNING * * *
The crimson imp hits you but does no damage.
The goblin hits you but does no damage.
You closely miss the crimson imp.
The crimson imp is moderately wounded.
Natasha claws you.
You die...

..# ##..# # #######.#
#..##......#
##.......####)##........###
......#.>..................
........#................###
.........................#..
........#...................
..............^h5..........#
...>....#...g..#@.........#
........#......g....(...##
.......##................#
........#................#
........#................#
........#................#
........#######...†......#
........# ##........##
.......## ##......##


You could see Natasha, a crimson imp (summoned) and a goblin.

Vanquished Creatures
  Natasha (twice) (D:2)
  A worm (D:2)
  A dart slug (D:1)
  2 endoplasms (D:1)
  A giant cockroach (D:1)
  4 goblins (D:1)
  2 hobgoblins (D:1)
  6 kobolds
  3 ball pythons
  4 bats (D:1)
  2 frilled lizards (D:1)
  3 rats
31 creatures vanquished.

Notes
Turn   | Place    | Note
-------+----------+-------------------------------------------
     0 | D:1      | GigaChad the Minotaur Fighter began the quest for the Orb.
     0 | D:1      | Reached XP level 1. HP: 19/19 MP: 0/0
   129 | D:1      | Reached XP level 2. HP: 25/27 MP: 1/1
  1270 | D:2      | Found a faded altar of an unknown god.
  1288 | D:2      | Prayed at the altar of an unknown god.
  1288 | D:2      | Became a worshipper of Lugonu the Unformed
  1288 | D:2      | Reached * piety under Lugonu
  1288 | D:2      | Reached ** piety under Lugonu
  1307 | D:2      | Reached XP level 3. HP: 26/28 MP: 2/2
  1373 | D:2      | Noticed Natasha
  1381 | D:2      | Killed Natasha
  1465 | D:2      | Noticed Natasha
  1473 | D:2      | Killed Natasha
  1474 | D:2      | Reached XP level 4. HP: 5/40 MP: 3/3
  1484 | D:2      | Noticed Natasha
  1492 | D:2      | HP: 2/40 [Natasha (3)]
  1493 | D:2      | Slain by Natasha

Illustrated notes

Levels and vault maps discovered:
D:1:      dpeg_arrival_rooms_a, layout_rooms
D:2:      layout_rooms, nicolae_ecumenical_pavilion, uniq_natasha

Skill      XL: |  1  2  3 |
---------------+----------+-----
Armour         | 4 |  4.6
Shields        | 4 |  4.3
Fighting       | 4 |  4.3
Long Blades    | 3 |  3.1
Dodging        | |  0.2

Action                   |  1- 3 |  4- 6 || total
-------------------------+-------+-------++-------
Melee: Long sword        |    52 |     3 ||    55
       Headbutt          |     3 |     1 ||     4
  Use: Scroll            |     6 |       ||     6
Armor: Chain mail        |    44 |     2 ||    46
       Scale mail        |     4 |       ||     4
Dodge: Dodged            |    37 |     1 ||    38
Block: Buckler           |    18 |     1 ||    19
